 Dungeon Crawl Stone Soup version 0.24.0-13-gcf9b3192b9 (webtiles) character file.

Game seed: 13830662785136544955, levelgen mode: deterministic

27 Gobbopathe the Skirmisher (level 2, -1/15 HPs)
             Began as a Felid Wanderer on Nov 5, 2019.
             Slain by a worm (10 damage)
             ... on level 1 of the Dungeon.
             The game lasted 00:02:54 (2073 turns).

Gobbopathe the Skirmisher (Felid Wanderer)          Turns: 2073, Time: 00:02:55

Health: -1/15      AC:  1    Str:  9    XL:     2   Next: 93%
Magic:  4/4        EV: 17    Int: 14    God:
Gold:   41         SH:  0    Dex: 13    Spells: 3/3 levels left
                                        Lives:  0   Deaths: 0

rFire    . . .     SeeInvis +   (weapon unavailable)
rCold    . . .     Gourm    .   (shield unavailable)
rNeg     . . .     Faith    .   (armour unavailable)
rPois    .         Spirit   .   (helmet unavailable)
rElec    .         Reflect  .   (cloak unavailable)
rCorr    .         Harm     .   (gloves unavailable)
MR       .....                  (boots unavailable)
Stlth    ++........             (no amulet)
HPRegen  0.05/turn              (no ring)
MPRegen  0.09/turn              (no ring)

@: quick
A: very small, no armour, no weapons or thrown items, stealth, claws 1, fangs 3,
see invisible, carnivore, speed 1, shaggy fur 1, slow metabolism 1, sharp paws
a: no special abilities


You were on level 1 of the Dungeon.
You were very full.

You visited 1 branch of the dungeon, and saw 2 of its levels.

You collected 41 gold pieces.

Inventory:

Wands
 b - a wand of random effects (15)
Scrolls
 d - a scroll of random uselessness {unknown}
 e - a scroll of immolation {unknown}
 g - a scroll of identify {unknown}
 i - 2 scrolls of remove curse {unknown}
 j - a scroll of teleportation {unknown}
Potions
 a - a potion of heal wounds
 f - a potion of flight {unknown}
Comestibles
 c - 3 rations


   Skills:
 - Level 4.0 Fighting
 * Level 2.9 Dodging
 + Level 2.6 Stealth
 - Level 1.0 Spellcasting
   Level 1.5 Hexes
   Level 1.2 Charms
 - Level 2.1 Evocations


You had 3 spell levels left.
You didn't know any spells.
Your spell library was empty.

Dungeon Overview and Level Annotations

Branches:
Dungeon (2/15)

Altars:


Innate Abilities, Weirdness & Mutations

You cannot wear armour.
You are incapable of wielding weapons or throwing items.
Your paws allow you to move quietly. (Stealth)
You have sharp claws.
You have razor-sharp teeth.
You have supernaturally acute eyesight. (SInv)
You are carnivorous and can eat meat at any time.
You cover ground quickly.
You are covered in fur. (AC +1)
You have a slow metabolism.
Your sharp claws are effective at attacking unaware monsters.


Message History

The worm is moderately wounded.
You scratch the worm.
The worm is heavily wounded.
The worm closely misses you.
You barely miss the worm.
The worm is heavily wounded.
You scratch the worm.
The worm is severely wounded.
The worm misses you.
You scratch the worm.
The worm is almost dead.
The worm bites you.
Huge Dmg: -40%(-6hp) hp: 60%(9hp)
You barely miss the worm.
The worm is almost dead.
You scratch the worm.
The worm is almost dead.
The worm bites you!
Ouch! That really hurt!
You die...

#.########.# #.# #.# #.#
#.# #.# #####.# #รท#
##.####...#.#####.#
#.......#....(..#.#
#..####......##...# #..#
##.........## #..#
#..w...)...# ## #..#
#.@........# #.
#..#####.#...##...# ##.
#............##...# #..
#.######.######...######..
#.# #.######...##.....)
#.# #.#...............#
#.# #.#.##.....##.#####
#.######>#........##.#
#.##...........)((...#


You could see a worm.

Vanquished Creatures
  2 dart slugs (D:1)
  3 bats (D:1)
  3 goblins (D:1)
  5 hobgoblins (D:1)
  3 kobolds (D:1)
  A ball python (D:1)
  A frilled lizard (D:1)
  4 rats
22 creatures vanquished.

Notes
Turn   | Place    | Note
-------+----------+-------------------------------------------
     0 | D:1      | Gobbopathe the Felid Wanderer began the quest for the Orb.
     0 | D:1      | Gobbopathe set off with the following items: a potion of
                  | heal wounds, a wand of random effects (15), a ration
     0 | D:1      | Reached XP level 1. HP: 11/11 MP: 3/3
    23 | D:1      | Reached skill level 1 in Dodging
   460 | D:1      | Reached XP level 2. HP: 15/15 MP: 4/4
  2073 | D:1      | Slain by a worm

Levels and vault maps discovered:
D:1:      lightli_arrival_flooded_house, layout_loops_ring
D:2:      layout_rooms, minmay_cupped

Skill      XL: |  1  2 |
---------------+-------+-----
Dodging        | 1 2 |  2.9
Stealth        | 2 |  2.6
Fighting       | |  4.0
Spellcasting   | |  1.0
Hexes          | |  1.5
Charms         | |  1.2
Evocations     | |  2.1

Action                   || total
-------------------------++-------
Melee: Unarmed           ||   114
       Bite              ||    10
 Stab: Sleeping          ||     4
       Distracted        ||     2
  Eat: Chunk             ||     8
Armor: Skin              ||     4
Dodge: Dodged            ||    75
